 Dungeon Crawl Stone Soup version 0.21.1-1-g345015f (webtiles) character file.

33 tidbits the Ducker (level 3, 24/31 HPs)
             Began as a Gnoll Wanderer on Feb 19, 2018.
             Quit the game on level 1 of the Dungeon.
             The game lasted 00:03:04 (256 turns).

tidbits the Ducker (Gnoll Wanderer)                  Turns: 256, Time: 00:03:05

Health: 24/31      AC:  4    Str: 14    XL:     3   Next: 29%
Magic:  4/4        EV: 14    Int: 14    God:
Gold:   26         SH:  0    Dex: 15    Spells: 3/3 levels left

rFire    . . .     SeeInvis .   b - +0 hand crossbow
rCold    . . .     Gourm    .   (no shield)
rNeg     . . .     Faith    .   B - +0 leather armour
rPois    .         Spirit   .   E - +0 helmet
rElec    .         Reflect  .   (no cloak)
rCorr    .         Harm     .   (no gloves)
MR       .....     Rnd*Tele +   (no boots)
Stlth    ++........             (no amulet)
HPRegen  0.10/turn              j - ring of teleportation (curse)
MPRegen  0.09/turn              (no ring)

@: no status effects
A: distributed training, fangs 1, strong nose
a: no special abilities


You were on level 1 of the Dungeon.
You were not hungry.

You visited 1 branch of the dungeon, and saw 2 of its levels.

You collected 26 gold pieces.

Inventory:

Hand Weapons
 a - a +0 dagger
 b - a +0 hand crossbow (weapon)
Missiles
 d - 23 bolts (quivered)
 g - 3 throwing nets {!f}
 i - 3 stones
Armour
 B - a +0 leather armour (worn)
 E - a +0 helmet (worn)
Jewellery
 j - a cursed ring of teleportation (left hand)
   (You found it on level 2 of the Dungeon)
Scrolls
 f - a scroll of identify {unknown}
 k - a scroll of remove curse {unknown}
 m - a scroll of enchant weapon {unknown}
Potions
 e - a potion of lignification
 h - 2 potions of curing {unknown}
 l - a potion of heal wounds {unknown}
Comestibles
 c - a ration


   Skills:
 + Level 4.5 Fighting
 + Level 0.7 Short Blades
 + Level 0.7 Long Blades
 + Level 0.7 Axes
 + Level 0.7 Maces & Flails
 + Level 0.7 Polearms
 + Level 0.7 Staves
 + Level 0.7 Slings
 + Level 0.7 Bows
 + Level 4.5 Crossbows
 + Level 0.7 Throwing
 + Level 2.6 Armour
 + Level 4.5 Dodging
 + Level 4.1 Stealth
 + Level 0.7 Shields
 + Level 0.7 Unarmed Combat
 + Level 0.7 Spellcasting
 + Level 0.5 Conjurations
 + Level 0.5 Hexes
 + Level 0.5 Charms
 + Level 0.5 Summonings
 + Level 0.5 Necromancy
 + Level 0.5 Translocations
 + Level 0.5 Transmutations
 + Level 0.5 Fire Magic
 + Level 0.5 Ice Magic
 + Level 0.5 Air Magic
 + Level 0.5 Earth Magic
 + Level 0.5 Poison Magic
 + Level 0.9 Invocations
 + Level 2.6 Evocations


You had 3 spell levels left.
You didn't know any spells.

Dungeon Overview and Level Annotations

Branches:
Dungeon (2/15)

Altars:


Innate Abilities, Weirdness & Mutations

Your experience applies equally to all skills.
You have very sharp teeth.
Your uncanny sense of smell can sniff out nearby items.


Message History

Press: ? - help, Shift-Dir - straight line, f/p - kobold
Aim: a kobold You shoot a bolt.
The bolt closely misses the goblin.
The bolt hits the kobold!
You kill the kobold!
The goblin hits you but does no damage.
Firing (i - inventory. (,) - cycle):
d - 13 bolts (quivered)
Press: ? - help, Shift-Dir - straight line, f - goblin
Aim: a goblin, wielding a club (severely wounded)
You shoot a bolt. The bolt misses the goblin.
The goblin completely misses you.
Firing (i - inventory. (,) - cycle):
d - 12 bolts (quivered)
Press: ? - help, Shift-Dir - straight line, f/p - goblin
Aim: a goblin, wielding a club (severely wounded)
You shoot a bolt. The bolt hits the goblin.
You kill the goblin!
Found a glowing whip.
You see here 2 bolts.
d - 13 bolts (gained 2)
Things that are here:
a bolt; a goblin corpse
d - 14 bolts (gained 1)
You see here a bolt.
d - 15 bolts (gained 1)
Things that are here:
a club; a bolt; a goblin corpse
d - 16 bolts (gained 1)
Items here: (( )) † 3 stones; a dagger; 3 bolts; a club; a hobgoblin corpse
d - 19 bolts (gained 3);
i - 3 stones
Items here: ! ( )))) [[ †††
d - 25 bolts (gained 6);
j - a helmet;
h - 2 sapphire potions (gained 1) Wear which item? (? for menu, Esc to quit)
You start putting on your armour.
You continue putting on your helmet. x4
You finish putting on your +0 helmet.
Adjust (i)tems, (s)pells, or (a)bilities?
Adjust which item? (? for menu, Esc to quit)
j - a +0 helmet (worn)
Adjust to which letter? (? for menu, Esc to quit)
E - a +0 helmet (worn)
You see here a glowing brass ring.
j - a glowing brass ring Put on which piece of jewellery? (? for menu, Esc to quit)
You feel slightly jumpy.
Oops, that ring feels deathly cold.
j - a cursed ring of teleportation (left hand)
You see here a scroll labeled FYIKYI WESEG.
k - a scroll labeled FYIKYI WESEG
There is a stone staircase leading up here.
You climb upwards.
There is a stone staircase leading down here.
Found 17 poisoned needles and a puce potion.
Found a leather armour.
You see here a puce potion.
l - a puce potion A dart slug comes into view.
Firing (i - inventory. (,) - cycle):
d - 25 bolts (quivered)
Press: ? - help, Shift-Dir - straight line, f - dart slug
Aim: a dart slug (clinging, resting)
You shoot a bolt. The bolt hits the dart slug!
The dart slug is severely wounded.
The dart slug launches a dart at you. The slug dart hits you!
Firing (i - inventory. (,) - cycle):
d - 24 bolts (quivered)
Press: ? - help, Shift-Dir - straight line, f/p - dart slug
Aim: a dart slug (severely wounded, clinging)
You shoot a bolt. The bolt barely misses the dart slug.
Firing (i - inventory. (,) - cycle):
d - 23 bolts (quivered)
Press: ? - help, Shift-Dir - straight line, f/p - dart slug
Aim: a dart slug (severely wounded, clinging)
You shoot a bolt.
The bolt hits the dart slug but does no damage.
The dart slug is severely wounded.
Firing (i - inventory. (,) - cycle):
d - 22 bolts (quivered)
Press: ? - help, Shift-Dir - straight line, f/p - dart slug
Aim: a dart slug (severely wounded, clinging)
You shoot a bolt.
The bolt completely misses the dart slug.
The dart slug launches a dart at you. The slug dart misses you.
Firing (i - inventory. (,) - cycle):
d - 21 bolts (quivered)
Press: ? - help, Shift-Dir - straight line, f/p - dart slug
Aim: a dart slug (severely wounded, clinging)
You shoot a bolt. The bolt hits the dart slug.
The dart slug is almost dead.
Firing (i - inventory. (,) - cycle):
d - 20 bolts (quivered)
Press: ? - help, Shift-Dir - straight line, f/p - dart slug
Aim: a dart slug (almost dead, clinging)
You shoot a bolt. The bolt hits the dart slug!
You kill the dart slug!
You see here a bolt.
d - 20 bolts (gained 1)
You see here 2 bolts.
d - 22 bolts (gained 2)
You see here a bolt.
d - 23 bolts (gained 1)
Found 6 gold pieces.
You see here 6 gold pieces.
You now have 26 gold pieces (gained 6).
Found a scroll labeled WANLOU VI KIKAU.
You see here a scroll labeled WANLOU VI KIKAU.
m - a scroll labeled WANLOU VI KIKAU Are you sure you want to abandon this character and quit the game? (Confirm with "yes".)

# #....... ######## ########
#...#.. #..[... #.#.#.#
#.#.### ####.#.#### ## # ∆
#......)†.###. ..
#.##...##.##.# ###
#..#...#<.#..# ####.###
####...####@.#######........
##.## #..........###.### #.#
#.#######..# #.# #.# #..#
#.### #.# #.# #..# #.... #.#
#.# #..# ##### #.# #.# #..#
#.# #.# #..###### #.# %..
#.......#


There were no monsters in sight!

Vanquished Creatures
  Robin (D:2)
  A dart slug (D:1)
  9 goblins
  2 hobgoblins
  A jackal (D:1)
  2 kobolds
  3 rats (D:1)
19 creatures vanquished.

Notes
Turn   | Place    | Note
-------+----------+-------------------------------------------
     0 | D:1      | tidbits the Gnoll Wanderer began the quest for the Orb.
     0 | D:1      | tidbits set off with: a +0 leather armour, 3 throwing nets {!f}, a +0 hand crossbow, 30 bolts, a potion of lignification, a +0 dagger, a ration
     0 | D:1      | Reached XP level 1. HP: 20/20 MP: 2/2
    61 | D:1      | Reached XP level 2. HP: 26/26 MP: 3/3
    96 | D:2      | Noticed Robin
   106 | D:2      | Killed Robin
   106 | D:2      | Reached XP level 3. HP: 17/31 MP: 4/4
   256 | D:1      | Quit the game

Action                   || total
-------------------------++-------
Melee: Dagger            ||     3
 Fire: Hand crossbow     ||    33
Armor: Leather armour    ||     6
Dodge: Dodged            ||    24

Table legend:
 A = Turns spent in this place as a percentage of turns spent in the entire game.
 B = Non-inter-level travel turns spent in this place as a percentage of non-inter-level travel turns spent in the entire game.
 C = Inter-level travel turns spent in this place as a percentage of turns spent in this place.
 D = Turns resting spent in this place as a percentage of non-inter-level travel turns spent in this place.
 E = Turns spent auto-exploring this place as a percentage of non-inter-level travel turns spent in this place.
 F = Non-inter-level travel turns spent in this place divided by the number of levels of this place that you've seen.
                   A       B       C       D       E      F
               +-------+-------+-------+-------+-------+----------------------
         Total | 100.0 | 100.0 |   0.0 |   0.0 |   0.0 | 128.0
       Dungeon | 100.0 | 100.0 |   0.0 |   0.0 |   0.0 | 128.0
               +-------+-------+-------+-------+-------+----------------------

Table legend:
 A = Kills in this place as a percentage of kills in entire the game.
 B = Kills by you in this place as a percentage of kills by you in the entire game.
 C = Kills by friends in this place as a percentage of kills by friends in the entire game.
 D = Other kills in this place as a percentage of other kills in the entire game.
 E = Experience gained in this place as a percentage of experience gained in the entire game.
 F = Experience gained in this place divided by the number of levels of this place that you have seen.
                   A       B       C       D       E      F
               +-------+-------+-------+-------+-------+----------------------
         Total | 100.0 | 100.0 |   N/A |   N/A | 100.0 |  24.0
       Dungeon | 100.0 | 100.0 |   N/A |   N/A | 100.0 |  24.0
               +-------+-------+-------+-------+-------+----------------------

Vault maps used:
D:1:      onia_arrival_mini_spirals
D:2:      uniq_robin
